cohdb
Replays
Latest Replays
All Replays
Popular Replays
Top Player Replays
Match Explorer
How It Works
Community
CoH3 Stats
Reddit
Sign in to upload your games and track your stats! →
Sign in with Steam
Match 30693941
Unlisted
Match 30693941
Overview
Messages
Build Orders
End
Construct Infanterie Kompanie
Grenadier Squad
Grenadier Squad
MG 42 Machine Gun Team
Grenadier Squad
Construct Panzergrenadier Kompanie
251 Medium Carrier
Pioneer Squad
Pak 40 Anti-tank Gun Team
Selects Mechanized Battlegroup
Selects Mobile Repair Stations
,,,,,,,,
Correia
saruman
JANGCHEN
[BIG] SWEEDS
Vlambulance-YouTube
BIG WREBBS
KlugE
0
0
Comments
sign in to comment!
No comments posted yet!